 Dungeon Crawl Stone Soup version 0.30-a0-715-gdb4ae3ece1 (webtiles) character file.

Game seed: 1893190258356931110

41 wormed the Unbeliever (level 3, -4/28 HPs)
             Began as a Gnoll Wanderer on Jan 24, 2023.
             Succumbed to a scorpion's poison
             ... on level 3 of the Dungeon.
             The game lasted 00:02:03 (981 turns).

wormed the Unbeliever (Gnoll Wanderer)               Turns: 981, Time: 00:02:04

Health: -4/28      AC:  5    Str: 13    XL:     3   Next: 52%
Magic:  7/7        EV: 10    Int:  8    God:
Gold:   91         SH:  0    Dex: 14    Spells: 7/7 levels left

rFire   . . .      SeeInvis .      - Unarmed
rCold   . . .      Faith    .    (no shield)
rNeg    . . .      Spirit   .    b - +0 ring mail
rPois   .          Reflect  .    (no helmet)
rElec   .          Harm     .    (no cloak)
rCorr   .          Rampage  .    (no gloves)
Will    .....                    (no boots)
Stlth   +                        (no amulet)
HPRegen 0.24/turn                (no ring)
MPRegen 0.10/turn                (no ring)

@: mighty, lethally poisoned (-4 -> -30), attractive
A: fangs 1, strong nose, distributed training
a: no special abilities


You were on level 3 of the Dungeon.
You visited 1 branch of the dungeon, and saw 3 of its levels.

You collected 91 gold pieces.

Inventory:

Armour
 b - a +0 ring mail (worn)
Scrolls
 c - a scroll of fog
 d - a scroll of blinking
 f - a scroll of brand weapon {unknown}
 g - a scroll of magic mapping {unknown}
 h - a scroll of teleportation {unknown}
 i - a scroll of poison {unknown}
 j - a scroll of enchant weapon {unknown}
Potions
 a - a potion of magic


   Skills:
 + Level 2.6 Fighting
 + Level 0.9 Short Blades
 + Level 0.9 Long Blades
 + Level 0.9 Axes
 + Level 0.9 Maces & Flails
 + Level 0.9 Polearms
 + Level 0.9 Staves
 + Level 0.9 Ranged Weapons
 + Level 0.9 Throwing
 + Level 2.6 Armour
 + Level 0.9 Dodging
 + Level 2.4 Stealth
 + Level 0.9 Shields
 + Level 4.5 Unarmed Combat
 + Level 2.8 Spellcasting
 + Level 0.6 Conjurations
 + Level 0.6 Hexes
 + Level 0.6 Summonings
 + Level 0.6 Necromancy
 + Level 0.6 Translocations
 + Level 0.6 Transmutations
 + Level 0.6 Fire Magic
 + Level 0.6 Ice Magic
 + Level 3.8 Air Magic
 + Level 0.6 Earth Magic
 + Level 0.6 Poison Magic
 + Level 4.6 Invocations
 + Level 0.9 Evocations


You had 7 spell levels left.
You didn't know any spells.
Your spell library contained the following spells:

 Spells                   Type           Power      Damage    Failure   Level
 Shock                    Conj/Air       16%        1d4       26%         1
 Poisonous Vapours        Pois/Air       8%         N/A       38%         2
 Swiftness                Air            7%         N/A       38%         3
 Cigotuvi's Dreadful Rot  Necr/Pois/Air  6%         N/A       45%         2
 Airstrike                Air            3%         2d(1-17)  80%         4


Dungeon Overview and Level Annotations

Branches:
Dungeon (3/15)

Altars:

Shops:
D:2 *


Innate Abilities, Weirdness & Mutations

You have very sharp teeth.
Your uncanny sense of smell can sniff out nearby items.
Your experience applies equally to all skills.


Message History

You are too injured to fight recklessly!
You are too injured to fight recklessly!
You are too injured to fight recklessly!
You are too injured to fight recklessly!
You are too injured to fight recklessly!
You are too injured to fight recklessly!
You are too injured to fight recklessly!
You are too injured to fight recklessly!
You are too injured to fight recklessly!
You are too injured to fight recklessly!
You are too injured to fight recklessly!
You are too injured to fight recklessly!
You are too injured to fight recklessly!
You are too injured to fight recklessly!
You are too injured to fight recklessly!
You are too injured to fight recklessly!
You are too injured to fight recklessly!
You are too injured to fight recklessly!
You are too injured to fight recklessly!
You are too injured to fight recklessly!
You are too injured to fight recklessly!
You are too injured to fight recklessly!
You are too injured to fight recklessly!
You are too injured to fight recklessly!
You are too injured to fight recklessly!
It was a potion of magic.
Magic courses through your body.
You feel sick. The scorpion stings you.
You are lethally poisoned!
The scorpion poisons you!
It was a potion of might.
You feel very mighty all of a sudden.
* * * LOW HITPOINT WARNING * * *
You feel very sick. The scorpion stings you.
* * * LOW HITPOINT WARNING * * *
You are more poisoned.
The scorpion poisons you!
It was a potion of attraction.
You feel attractive to monsters.
You die...

.# .# # .# .#
###.##.#
##########......#
#..<....##..$...
#.......##.$.#
#..)....##@s#
#.......##.#r#
###+###....# w#∆
#.##.# .#∆ #.##.#
.# #.##.# .#
...... . #.###.
#.# ..


You could see a scorpion, a dart slug and a quokka.

Vanquished Creatures
  A worm (D:2)
  3 ball pythons
  3 bats
  2 endoplasms
  8 goblins
  5 hobgoblins
  A jackal (D:3)
  2 quokkas (D:1)
  A frilled lizard (D:2)
  6 kobolds
  2 rats
34 creatures vanquished.

Notes
Turn   | Place    | Note
-------+----------+-------------------------------------------
     0 | D:1      | wormed the Gnoll Wanderer began the quest for the Orb.
     0 | D:1      | wormed set off with the following items: a +0 club, a +0
                  | ring mail, a scroll of fog, 2 scrolls of blinking; and the
                  | following spells available to memorise: Poisonous Vapours,
                  | Cigotuvi's Dreadful Rot.
     0 | D:1      | Reached XP level 1. HP: 17/17 MP: 4/4
    80 | D:1      | Reached XP level 2. HP: 23/23 MP: 5/5
   259 | D:1      | You fall into a shaft and drop 1 floor!
   395 | D:2      | Reached XP level 3. HP: 25/28 MP: 7/7
   468 | D:2      | Found Ujot's Assorted Antiques.
   960 | D:3      | Noticed a scorpion
   980 | D:3      | HP: 1/28 [scorpion (4)]
   981 | D:3      | Succumbed to a scorpion's poison

Illustrated notes

Levels and vault maps discovered:
D:1:      eino_arrival_water_star, layout_basic
D:2:      layout_loops_ring, serial_shops, shop
D:3:      layout_basic, lemuel_round_altar, lemuel_round_altar, minmay_circle_x

Action                     || total
---------------------------++-------
  Melee: Club              ||     9
         Unarmed           ||   110
         Bite              ||    10
         Punch             ||     2
    Use: Scroll            ||     1
         Potion            ||     3
   Stab: Sleeping          ||     2
 Armour: Ring mail         ||    48
  Dodge: Dodged            ||    62

Table legend: (Time is in decaauts)
 A = Elapsed time spent in this place.
 B = Non-inter-level travel time spent in this place.
 C = Inter-level travel time spent in this place.
 D = Time resting spent in this place.
 E = Time spent auto-exploring this place.
 F = Levels seen in this place.
 G = Mean time per level.
                   A        B        C        D        E       F      G
               +--------+--------+--------+--------+--------+-----+--------+
         Total |    975 |    964 |     11 |      0 |    715 |   3 |  325.0 |
       Dungeon |    975 |    964 |     11 |      0 |    715 |   3 |  325.0 |
               +--------+--------+--------+--------+--------+-----+--------+

Top non-repeatable levels by time:
     D:2: 685 daAuts
     D:1: 260 daAuts
     D:3: 28 daAuts
